 Dungeon Crawl Stone Soup version 0.27-a0-341-g40fdf68bc5 (console) character file.

Game seed: 9854199182140281420

(classic levelgen) 730512 Duffy the Warrior (level 27, -10/268 HPs)
             Began as a Naga Fighter on Feb 14, 2021.
             Was the Champion of Cheibriados.
             Killed from afar by an orb of fire (22 damage)
             ... with a bolt of fire
             ... on level 5 of the Realm of Zot.
             The game lasted 02:30:23 (75670 turns).

Duffy the Warrior (Naga Fighter)                   Turns: 75670, Time: 02:30:24

Health: -10/268    AC: 47    Str: 37 (40) XL:     27
Magic:  36/43      EV: 24    Int: 37 (38) God:    Cheibriados [******]
Gold:   5427       SH: 33    Dex: 36 (38) Spells: 3/58 levels left

rFire    + . .     SeeInvis +   a - +7 broad axe (elec)
rCold    + + .     Faith    +   j - +8 tower shield {rC+}
rNeg     + + .     Spirit   .   I - +8 plate armour "Fiak" {Regen+ Int+7 Dex-5}
rPois    +         Reflect  .   y - +2 hat "Cefistri" {rElec Int-2 Dex+4 Slay+6}
rElec    +         Harm     .   D - +2 cloak
rCorr    .         Rampage  .   n - +1 pair of gloves
Will     +++..                  T - +4 barding {rF+}
Stlth    ..........             Z - amulet of Gyufoki {Faith rElec Str+3 Dex+3}
HPRegen  1.54/turn              Q - ring of Nodaakh {rPois rC+ rN++ Str-2 Dex+6}
MPRegen  0.28/turn              S - ring of New Discoveries {Str+6 Int+2 Slay+4}

@: studying 4 skills, very slow
A: large, see invisible, deformed body, deterioration 2, dopey 1, poison
resistance, screaming 1, slowness 2, spit poison 1, constrict 1, AC +9
}: 4/15 runes: serpentine, barnacled, slimy, silver
a: Spit Poison, Renounce Religion, Bend Time, Temporal Distortion, Slouch, Step
From Time


You were on level 5 of the Realm of Zot.
You worshipped Cheibriados.
Cheibriados was exalted by your worship.
You visited 12 branches of the dungeon, and saw 58 of its levels.
You visited the Abyss 1 time.
You also visited: Sewer, Gauntlet, Ice Cave, Volcano and Wizlab.

You collected 10636 gold pieces.
You spent 5209 gold pieces at shops.

Inventory:

Hand Weapons
 a - a +7 broad axe of electrocution (weapon)
 b - a +6 broad axe of holy wrath
Missiles
 k - 78 silver javelins (quivered)
 z - 18 throwing nets
Armour
 j - a +8 tower shield of cold resistance (worn)
 n - a +1 pair of gloves (worn)
 y - the +2 hat "Cefistri" (worn) {rElec Int-2 Dex+4 Slay+6}
   (You found it in a Gauntlet)

   It affects your intelligence (-2).
   It affects your dexterity (+4).
   It affects your accuracy and damage with ranged weapons and melee attacks
   (+6).
   It insulates you from electricity.
 D - a +2 cloak (worn)
 I - the +8 plate armour "Fiak" (worn) {Regen+ Int+7 Dex-5}
   (You found it on level 2 of the Realm of Zot)

   It affects your intelligence (+7).
   It affects your dexterity (-5).
   It increases your rate of regeneration.
 T - a +4 barding of fire resistance (worn)
Jewellery
 G - the ring "Imabuh Efaedgh" {rF+ Will+ Int+4 SInv Stlth+}
   (You took it off a minotaur in a Gauntlet)

   [ring of protection from fire]

   It affects your intelligence (+4).
   It protects you from fire.
   It affects your willpower, your defense against some magical effects.
   It lets you see invisible.
   It makes you more stealthy.
 M - the ring "Polakkit" {rF+ rCorr Int+3 Stlth-}
   (You bought it in a shop on level 2 of the Orcish Mines)

   [ring of resist corrosion]

   It affects your intelligence (+3).
   It protects you from fire.
   It provides partial protection from all sources of acid and corrosion.
   It makes you less stealthy.
 P - the ring of Lust {Fire +Blink +Inv Will+ Slay+2}
   (You bought it in a shop on level 2 of the Orcish Mines)

   [ring of fire]

   It enhances your fire magic.
   It affects your accuracy and damage with ranged weapons and melee attacks
   (+2).
   It protects you from fire.
   It makes you vulnerable to cold.
   It affects your willpower, your defense against some magical effects.
   It lets you turn invisible.
   It lets you blink.
 Q - the ring of Nodaakh (left hand) {rPois rC+ rN++ Str-2 Dex+6}
   (You found it on level 15 of the Dungeon)

   [ring of dexterity]

   It affects your strength (-2).
   It affects your dexterity (+6).
   It protects you from cold.
   It protects you from poison.
   It greatly protects you from negative energy.
 S - the ring of New Discoveries (right hand) {Str+6 Int+2 Slay+4}
   (You took it off an ironheart preserver on level 5 of the Vaults)

   [ring of strength]

   It affects your strength (+6).
   It affects your intelligence (+2).
   It affects your accuracy and damage with ranged weapons and melee attacks
   (+4).
 Z - the amulet of Gyufoki (around neck) {Faith rElec Str+3 Dex+3}
   (You bought it in a shop on level 2 of the Orcish Mines)

   [amulet of faith]

   It allows you to gain divine favour quickly.
   It affects your strength (+3).
   It affects your dexterity (+3).
   It insulates you from electricity.
Wands
 B - a wand of digging (6)
 J - a wand of paralysis (18)
 W - a wand of iceblast (11)
 Y - a wand of acid (28)
Scrolls
 c - a scroll of summoning
 e - 10 scrolls of magic mapping
 h - 7 scrolls of enchant armour
 o - 22 scrolls of teleportation
 p - 7 scrolls of blinking
 s - a scroll of amnesia
 u - a scroll of silence
 w - 11 scrolls of immolation
 x - 2 scrolls of vulnerability
 H - 18 scrolls of identify
 L - 7 scrolls of fog
 R - 8 scrolls of holy word
 V - 2 scrolls of fear
Potions
 d - 9 potions of might
 g - 8 potions of heal wounds
 l - 10 potions of attraction
 m - 34 potions of curing
 q - 3 potions of magic
 r - 15 potions of flight
 t - 9 potions of mutation
 C - 6 potions of ambrosia
 E - 3 potions of resistance
 F - 9 potions of brilliance
 K - 14 potions of lignification
 N - 6 potions of cancellation
 U - 2 potions of invisibility
Miscellaneous
 f - a box of beasts
 i - a condenser vane
 v - a tin of tremorstones (2/2)
 A - a lightning rod (4/4)
 O - a phantom mirror
 X - a phial of floods


   Skills:
 - Level 20.0 Fighting
 - Level 18.0 Axes
 - Level 16.0 Throwing
 - Level 15.0 Armour
 - Level 15.0 Dodging
 - Level 15.0 Shields
 + Level 16.3 Spellcasting
 - Level 10.0 Hexes
 - Level 8.0 Summonings
 * Level 14.3 Necromancy
 - Level 8.0 Translocations
 + Level 12.1 Transmutations
 - Level 10.0 Air Magic
 - Level 8.0 Earth Magic
 - Level 16.0 Invocations
 - Level 10.0 Evocations


You had 3 spell levels left.
You knew the following spells:

 Your Spells              Type           Power        Failure   Level
g - Passage of Golubria   Tloc           N/A          1%          4
h - Animate Armour        Summ/Erth      100%         1%          4
j - Lesser Beckoning      Tloc           36%          1%          3
k - Borgnjor's Vile Clut  Necr/Erth      42%          1%          5
l - Apportation           Tloc           100%         1%          1
n - Necromutation         Tmut/Necr      45%          80%         8
o - Portal Projectile     Hex/Tloc       100%         1%          3
u - Summon Lightning Spi  Summ/Air       77%          1%          4
y - Infestation           Necr           47%          65%         8
B - Blink                 Tloc           N/A          1%          2
Q - Borgnjor's Revivific  Necr           47%          65%         8
S - Silence               Hex/Air        40%          2%          5

Your spell library contained the following spells:

 Spells                   Type           Power        Failure   Level
 Animate Skeleton         Necr           100%         0%          1
 Pain                     Necr           100%         0%          1
 Corona                   Hex            90%          1%          1
 Shock                    Conj/Air       100%         1%          1
 Sting                    Tmut/Pois      100%         1%          1
 Summon Small Mammal      Summ           100%         1%          1
 Call Imp                 Summ           73%          1%          2
 Corpse Rot               Necr/Air       N/A          1%          2
 Ensorcelled Hibernation  Hex/Ice        100%         1%          2
 Poisonous Vapours        Pois/Air       100%         1%          2
 Slow                     Hex            81%          1%          2
 Swiftness                Air            81%          1%          2
 Call Canine Familiar     Summ           73%          1%          3
 Confusing Touch          Hex            81%          1%          3
 Dazzling Flash           Conj/Hex       100%         1%          3
 Gell's Gravitas          Tloc           36%          1%          3
 Inner Flame              Hex/Fire       61%          1%          3
 Spider Form              Tmut/Pois      33%          1%          3
 Static Discharge         Conj/Air       61%          1%          3
 Summon Guardian Golem    Hex/Summ       77%          1%          3
 Teleport Other           Tloc           73%          1%          3
 Tukima's Dance           Hex            81%          1%          3
 Vampiric Draining        Necr           47%          1%          3
 Ignite Poison            Fire/Tmut/Pois 56%          2%          3
 Stone Arrow              Conj/Erth      100%         2%          3
 Mephitic Cloud           Conj/Pois/Air  53%          3%          3
 Foxfire                  Conj/Fire      100%         4%          1
 Freeze                   Ice            100%         4%          1
 Magic Dart               Conj           100%         4%          1
 Searing Ray              Conj           60%          7%          2
 Conjure Flame            Conj/Fire      30%          14%         3
 Frozen Ramparts          Ice            60%          14%         3
 Ozocubu's Armour         Ice            30%          14%         3
 Airstrike                Air            40%          1%          4
 Animate Dead             Necr           47%          1%          4
 Cause Fear               Hex            40%          1%          4
 Leda's Liquefaction      Hex/Erth       38%          1%          4
 Petrify                  Tmut/Erth      81%          1%          4
 Agony                    Necr           94%          1%          5
 Yara's Violent Unravell  Hex/Tmut       42%          1%          5
 Death Channel            Necr           47%          1%          6
 Ice Form                 Ice/Tmut       66%          3%          4
 Summon Forest            Summ/Tloc      36%          4%          5
 Hydra Form               Tmut           44%          4%          6
 Iskenderun's Mystic Bla  Conj/Tloc      56%          9%          4
 Summon Ice Beast         Ice/Summ       56%          9%          4
 Alistair's Intoxication  Tmut/Pois      44%          11%         5
 Irradiate                Conj/Tmut      33%          11%         5
 Invisibility             Hex            81%          12%         6
 Statue Form              Tmut/Erth      54%          12%         6
 Lightning Bolt           Conj/Air       30%          17%         5
 Metabolic Englaciation   Hex/Ice        30%          17%         5
 Dispersal                Tloc           36%          26%         6
 Dragon Form              Tmut           44%          26%         7
 Simulacrum               Ice/Necr       35%          36%         6
 Bolt of Magma            Conj/Fire/Erth 24%          41%         5
 Hailstorm                Conj/Ice       30%          43%         4
 Olgreb's Toxic Radiance  Pois           30%          43%         4
 Sticky Flame             Conj/Fire      30%          43%         4
 Eringya's Noxious Bog    Tmut/Pois      33%          52%         6
 Iskenderun's Battlesphe  Conj           30%          78%         5
 Iron Shot                Conj/Erth      28%          80%         6
 Summon Hydra             Summ           36%          83%         7
 Freezing Cloud           Conj/Ice/Air   26%          88%         6
 Discord                  Hex            40%          99%         8
 Orb of Destruction       Conj           15%          100%        7
 Ozocubu's Refrigeration  Ice            15%          100%        7
 Spellforged Servitor     Conj/Summ      28%          100%        7
 Chain Lightning          Conj/Air       30%          100%        8
 Disjunction              Tloc           36%          100%        8
 Lehudib's Crystal Spear  Conj/Erth      28%          100%        8
 Absolute Zero            Ice            15%          100%        9
 Death's Door             Necr           47%          100%        9
 Dragon's Call            Summ           36%          100%        9
 Fire Storm               Conj/Fire      15%          100%        9
 Shatter                  Erth           36%          100%        9


Dungeon Overview and Level Annotations

Branches:
Dungeon (15/15)            Temple (1/1) D:4            Lair (6/6) D:9
 Shoals (4/4) Lair:3        Snake (4/4) Lair:4        Slime (5/5) Lair:6
    Orc (2/2) D:9             Elf (3/3) Orc:2        Vaults (5/5) D:14
  Crypt (3/3) Vaults:3       Tomb (0/3) Crypt:3      Depths (5/5) D:15
    Zot (5/5) Depths:5      Sewer (visited)           IceCv (visited)
Volcano (visited)          WizLab (visited)         Gauntlet (visited)

Altars:
Ashenzari
Cheibriados
Dithmenos
Elyvilon
Fedhas
Gozag
Hepliaklqana
Kikubaaqudgha
Makhleb
Nemelex Xobeh
Okawaru
Qazlal
Ru
Sif Muna
Trog
Uskayaw
Vehumet
Wu Jian
Xom
Yredelemnul
Zin
The Shining One
Jiyva
Lugonu

Shops:
D:4 *   D:10 (   Orc:2 =?*=(   Elf:1 (([   Shoals:3 [   Snake:1 !
Snake:2 ::=*   Snake:4 (   Vaults:4 ((?[   Vaults:5 =   Depths:1 *   Depths:2 :

Portals:
Hell: Depths:1 Depths:2 Depths:3 Depths:4 Depths:5
Abyss: Depths:3 Depths:4 Depths:5
Pandemonium: Depths:1 Depths:2 Depths:3 Depths:5
Ziggurat: Depths:4

Annotations:
D:6 exclusion: upstairs


Innate Abilities, Weirdness & Mutations

You cannot wear boots.
Your serpentine skin is tough. (AC +9)
You have supernaturally acute eyesight. (SInv)
Armour fits poorly on your strangely shaped body.
Your system is resistant to poisons. (rPois)
You cover ground very slowly.
You can spit poison.
You can use your snake-like lower body to constrict enemies.
Your body often deteriorates upon taking damage.
You are dopey. (Int -2)
You occasionally shout uncontrollably at your foes.


Message History

The fireball engulfs the orb of fire.
The orb of fire completely resists.
The storm dragon breathes lightning at you.
The bolt of lightning hits you! You resist.
* * * LOW HITPOINT WARNING * * *
The orb of fire glows bright magenta.
The bolt of fire hits you! You resist.
* * * LOW HITPOINT WARNING * * *
The electric golem hurls lightning at you.
The bolt of lightning misses you.
You hear a roar!
You hear a deafening roar!
You feel much better.
Your surroundings seem slightly different.
An Orb Guardian comes into view.
The orb of fire glows red.
The bolt of fire hits you!! You resist.
* * * LOW HITPOINT WARNING * * *
The orb of fire glows red.
The bolt of fire misses you.
You hear a roar!
A tentacled monstrosity comes into view.
The ancient lich gestures at itself while chanting.
The ancient lich flickers and vanishes for a moment.
Found a shiny scale mail.
Cast which spell? (? or * to list)
You blink.
An Orb Guardian comes into view.
The orb of fire glows deep purple.
The fireball explodes!
The fireball engulfs you!! You resist.
* * * LOW HITPOINT WARNING * * *
The orb of fire emits a lurid red light.
Strange energies course through your body.
You feel stupid.
The storm dragon disappears!
You hear a loud "Zot"!
The orb of fire glows deep purple.
The fireball explodes!
The fireball engulfs you!!! You resist.
* * * LOW HITPOINT WARNING * * *
The orb of fire glows bright magenta.
The bolt of fire hits you!! You resist.
You die...

.....L......^......
..........[*.......
......p..(.0.......
......z...D.*.....^
........d*8........
........^....X.[...
................
.............^..
..X....@.......#
......^......###
.X........####
0##########


You could see 3 orbs of fire, a Killer Klown, an electric golem, a tentacled
monstrosity, a storm dragon, a green draconian, a death cob and 2 Orb Guardians.

Vanquished Creatures
  the Royal Jelly (Slime:5)
  2 dread liches (Vaults:5)
  A juggernaut (Depths:1)
  An ancient lich (Vaults:5)
  Frederick (Crypt:2)
  Saint Roka (Snake:2)
  A curse toe (Zot:3)
  Bai Suzhen (Shoals:3)
  Vashnia (Snake:3)
  10 golden dragons
  A profane servitor (Crypt:3)
  Nikola (Depths:3)
  2 electric golems (Zot:1)
  A bone dragon (Crypt:3)
  19 tentacled monstrosities
  Jorgrun (Shoals:1)
  7 liches
  2 deep elf blademasters
  2 deep elf master archers (Elf:3)
  8 titans
  4 quicksilver dragons
  3 ancient champions (Crypt:3)
  12 death cobs
  15 acid blobs
  3 tentacled starspawn (Abyss:2)
  8 sphinxes
  A kraken (Shoals:4)
  11 shadow dragons
  A storm dragon (shapeshifter) (Depths:3)
  9 storm dragons
  Donald (Vaults:3)
  12 tengu reavers
  A draconian monk (Zot:3)
  4 azure jellies
  9 nagarajas
  2 revenants
  Roxanne (Shoals:1)
  Ilsuiw (Shoals:3)
  A daeva (Abyss:2)
  22 frost giants
  16 fire giants
  5 ghost moths
  9 deep elf sorcerers
  2 ghost moths (shapeshifter)
  5 draconian knights
  3 draconian scorchers
  18 vault wardens
  3 draconian shifters (Zot:2)
  2 draconian annihilators
  6 deep elf elementalists
  8 ghouls
  3 balrugs
  A caustic shrike zombie (Crypt:2)
  Aizul (Snake:3)
  A draconian stormcaller (Zot:2)
  13 ironheart preservers
  Louise (Shoals:1)
  2 curse skulls
  4 war gargoyles
  41 very ugly things
  25 stone giants
  2 spriggan defenders
  10 green draconians
  3 vampire knights
  13 deep elf demonologists
  5 white draconians
  8 black draconians
  A lorocyproca (Zot:2)
  A minotaur (shapeshifter) (Vaults:4)
  An entropy weaver (Vaults:2)
  16 purple draconians
  3 yellow draconians
  2 minotaurs
  A white draconian (shapeshifter) (Zot:2)
  A red draconian (shapeshifter) (Zot:2)
  9 deep elf annihilators
  A dire elephant (shapeshifter) (Zot:2)
  A bunyip (shapeshifter) (Zot:2)
  3 spark wasps
  7 red draconians
  3 merfolk javelineers
  22 ettins
  An eleionoma (shapeshifter) (Vaults:5)
  A blizzard demon (Gauntlet)
  An eidolon (Crypt:2)
  9 statues (WizLab)
  10 deep elf death magi
  2 death oozes (Slime:5)
  2 crystal guardians
  15 jiangshi
  A shambling mangrove (Lair:5)
  13 merfolk impalers
  13 fire dragons
  15 great orbs of eyes
  Josephine (Orc:1)
  28 vault guards
  3 deep elf high priests
  16 yaktaur captains
  The ghost of Survivorfifteen the Slicer, a journeyman MiAK of Lugonu (D:11)
  9 hydras
  13 ice dragons
  7 rakshasas
  Harold (D:7)
  20 naga warriors
  7 boulder beetles
  2 merfolk avatars
  5 spriggan air magi
  26 ogre magi
  2 anacondas (shapeshifter)
  15 anacondas
  9 centaur warriors
  69 two-headed ogres
  30 dancing weapons
  6 death knights
  2 merfolk aquamancers
  An alligator (shapeshifter) (Depths:2)
  2 satyrs (Shoals:4)
  2 alligator snapping turtles
  4 vampire magi
  6 deep troll shamans
  4 hell hogs (Abyss:2)
  17 naga sharpshooters
  An orc high priest (Orc:1)
  5 deep troll earth magi
  6 spriggan berserkers
  2 soul eaters
  3 tengu warriors
  6 shock serpents
  Nergalle (D:10)
  33 hell knights
  3 sun demons
  20 deep elf knights
  A storm dragon zombie (Vaults:5)
  32 skeletal warriors
  2 sixfirhies
  2 wretched stars (Abyss:2)
  A quicksilver dragon simulacrum (Crypt:3)
  A spark wasp zombie (D:15)
  A fire crab (shapeshifter) (Depths:2)
  7 shadow wraiths
  2 storm dragon skeletons (Crypt:1)
  4 salamander mystics
  7 iron trolls
  23 deep trolls
  A goliath frog (D:13)
  4 glowing orange brains
  9 sea snakes
  9 large abominations
  2 unseen horrors
  A death drake (Gauntlet)
  12 deep elf archers
  A shadow demon (Depths:1)
  3 torturous demonspawn
  9 flayed ghosts
  6 wizards
  An iron giant skeleton (Crypt:1)
  11 phantasmal warriors
  3 lindwurms
  11 naga ritualists
  2 bog bodies (Crypt:1)
  Pikel (D:4)
  28 deep elf pyromancers
  A wolf spider zombie (Gauntlet)
  A lindwurm (shapeshifter) (Depths:4)
  An anaconda skeleton (Volcano)
  28 harpies
  29 deep elf zephyrmancers
  10 ironbrand convokers
  15 mana vipers
  15 necromancers
  61 ugly things
  2 wolf spiders
  A spectral fire dragon (Crypt:3)
  An iron dragon zombie (Vaults:5)
  A sphinx zombie (Vaults:3)
  11 salamanders
  A cyclops (shapeshifter) (Vaults:5)
  3 orc sorcerers
  17 orc knights
  An orb spider (Zot:2)
  A shining eye (Slime:1)
  An oklob plant (Lair:5)
  A manticore (shapeshifter) (Vaults:5)
  13 manticores
  A fire giant zombie (Crypt:3)
  23 fauns
  A frost giant zombie (Crypt:1)
  A shadow dragon skeleton (D:15)
  16 moths of wrath
  An elephant (shapeshifter) (Depths:3)
  9 cyclopes
  A rust devil (Depths:2)
  A fire giant skeleton (Vaults:3)
  19 naga magi
  5 ice statues (IceCv)
  2 elephants (Lair:5)
  Joseph (D:7)
  11 merfolk sirens
  A moth of wrath (shapeshifter) (Depths:1)
  A torpor snail (Lair:5)
  2 water nymphs (Shoals:2)
  6 gargoyles
  3 guardian serpents (shapeshifter)
  An apocalypse crab (Abyss:2)
  43 black mambas
  14 vault sentinels
  5 eyes of devastation
  An orange demon (Abyss:2)
  A cane toad (shapeshifter) (Vaults:3)
  A black mamba (shapeshifter) (Depths:3)
  8 guardian serpents
  7 centaur zombies
  22 cane toads
  3 smoke demons
  2 kobold demonologists
  9 komodo dragons
  A storm dragon simulacrum (Vaults:2)
  2 hellions (Depths:2)
  A rime drake (Lair:3)
  Maggie (D:6)
  A komodo dragon (shapeshifter) (Abyss:2)
  An elf zombie (Depths:2)
  4 anaconda simulacra (IceCv)
  64 yaktaurs
  2 efreet (Zot:1)
  2 ancient zymes (Abyss:2)
  A death yak skeleton (Crypt:2)
  20 tengu conjurers
  2 ice devils (Gauntlet)
  4 harpy zombies (Zot:2)
  2 guardian mummies (D:15)
  8 freezing wraiths
  2 polar bears
  A hellwing (Depths:2)
  3 red devils
  17 trolls
  2 meliai (shapeshifter)
  A merfolk (shapeshifter) (Vaults:1)
  A silent spectre (Depths:1)
  26 merfolk
  A polar bear (shapeshifter) (D:14)
  An alligator zombie (Crypt:2)
  5 tyrant leeches (Lair:6)
  A hornet (shapeshifter) (D:15)
  10 hornets
  2 ettin zombies
  91 slime creatures
  25 dream sheep
  5 wind drakes
  25 blink frogs
  A raiju (shapeshifter) (Vaults:1)
  A frost giant simulacrum (Vaults:4)
  4 raiju (Zot:2)
  10 snapping turtles
  6 small abominations
  An alligator skeleton (Volcano)
  2 ynoxinuls
  Sigmund (D:6)
  3 shadows (Crypt:3)
  A centaur simulacrum (D:15)
  46 flying skulls
  4 redbacks (Vaults:2)
  2 redbacks (shapeshifter)
  3 spriggans
  15 water elementals
  2 tarantellas (shapeshifter)
  11 wraiths
  An air elemental (Elf:1)
  2 dire elephant simulacra (IceCv)
  2 ettin skeletons
  5 fire elementals
  A hog (shapeshifter) (Elf:1)
  2 humans (shapeshifter) (Depths:3)
  28 yaks
  A basilisk (shapeshifter) (Vaults:5)
  9 wyverns
  Eustachio (D:5)
  9 golden eyes
  2 basilisks
  A golden eye (shapeshifter) (Vaults:1)
  A neqoxec (Abyss:2)
  A yaktaur simulacrum (Vaults:3)
  2 human simulacra
  5 steam dragons
  2 chaos spawn
  An elf skeleton (D:15)
  A soldier ant (shapeshifter) (Vaults:1)
  Edmund (D:6)
  5 vampire mosquitoes (Lair:6)
  An iron troll simulacrum (IceCv)
  9 wargs
  66 nagas
  2 harpy simulacra (IceCv)
  7 acid dragons
  13 water moccasins
  Duvessa (D:4)
  2 floating eyes
  A floating eye (shapeshifter) (Vaults:3)
  A hell hound (Lair:2)
  8 ice beasts
  26 orc warriors
  4 starcursed masses (Abyss:2)
  9 eyes of draining
  2 sky beasts
  4 black bears
  An eye of draining (shapeshifter) (Depths:2)
  4 boggarts
  8 necrophages
  13 wolves
  65 ogres
  23 centaurs
  A lindwurm skeleton (Crypt:1)
  4 phantoms
  A snapping turtle skeleton (Crypt:2)
  22 kobold brigands
  Blork the orc (D:5)
  2 earth elementals (Elf:3)
  19 bullfrogs
  A salamander skeleton (Crypt:2)
  A cyclops skeleton (Crypt:2)
  Dowan (D:5)
  6 scorpions
  2 ballistomycetes (Lair:5)
  19 killer bees
  13 wights
  A troll skeleton (Volcano)
  3 spriggan skeletons
  4 howler monkeys
  2 electric eels
  6 lava snakes (D:14)
  4 crimson imps
  5 quasits
  5 jellies
  3 human zombies
  16 orc priests
  A bullfrog skeleton (D:12)
  4 hounds
  2 iron imps
  5 centaur skeletons
  6 human skeletons
  7 iguanas
  17 orc wizards
  13 worker ants
  2 tengu zombies
  A hound zombie (D:8)
  2 naga skeletons (Volcano)
  2 tengu skeletons
  A hound skeleton (Crypt:2)
  5 mummies (Crypt:1)
  A worker ant zombie (D:11)
  9 adders
  A river rat (Sewer)
  4 shadow imps
  7 white imps
  3 ufetubi
  An ooze (D:6)
  An adder zombie (D:7)
  2 adder skeletons
  A worm (D:2)
  The ghost of faxtax the Skirmisher, a weakling FoCK of Xom (D:15)
  A dart slug (D:3)
  3 leopard geckos
  104 orcs
  2 ball pythons (D:3)
  6 bats
  7 giant cockroaches
  A gnoll zombie (Crypt:2)
  9 goblins
  4 hobgoblins
  7 jackals
  6 quokkas
  6 frilled lizards
  38 kobolds
  A leopard gecko zombie (Crypt:1)
  2 quokka zombies
  8 rats
  3 ballistomycete spores (Lair:5)
  17 butterflies
  5 starspawn tentacles (Abyss:2)
  4 tentacles (Shoals:4)
2848 creatures vanquished.

Vanquished Creatures (collateral kills)
  Mennas (Vaults:4)
  A golden dragon (Zot:3)
  A tentacled monstrosity (Zot:4)
  2 Orb Guardians (Zot:5)
  A quicksilver dragon (Zot:2)
  An acid blob (Slime:5)
  A shadow dragon (Zot:1)
  An azure jelly (Slime:5)
  A draconian stormcaller (Zot:3)
  A stone giant (Depths:3)
  5 very ugly things
  A purple draconian (shapeshifter) (Zot:2)
  A black draconian (Depths:5)
  A spark wasp (Depths:3)
  2 white draconians
  A purple draconian (Zot:4)
  2 yellow draconians
  2 ettins (Depths:5)
  2 death oozes (Slime:5)
  A yaktaur captain (Depths:4)
  A great orb of eyes (Depths:3)
  2 rakshasas
  An ice dragon (Depths:2)
  An ogre mage (Depths:2)
  7 two-headed ogres
  2 deep troll shamans
  3 iron trolls
  A gelid demonspawn (Depths:3)
  4 deep trolls
  An infernal demonspawn (Depths:3)
  3 ugly things
  A moth of wrath (Zot:4)
  A vault sentinel (Vaults:4)
  A torpor snail (shapeshifter) (Vaults:5)
  7 yaktaurs
  A hellwing (Depths:3)
  2 hornets (Depths:5)
  2 slime creatures
  A shapeshifter (Depths:2)
  2 spriggans (Depths:5)
  A ynoxinul (Depths:3)
74 creatures vanquished.

Vanquished Creatures (others)
  A fire giant (Zot:2)
  An ironheart preserver (Vaults:5)
  A vampire knight (Depths:3)
  A lorocyproca (Depths:3)
  An ogre mage (Vaults:3)
  A deep elf knight (Elf:3)
  An ironbrand convoker (Vaults:5)
  A mana viper (Snake:2)
  A deep elf zephyrmancer (Elf:2)
  3 moths of wrath (Zot:1)
  A merfolk (Shoals:3)
  An iron imp (Depths:2)
  A white imp (Depths:2)
  An ufetubus (Depths:2)
  40 fungi
  174 plants
  10 starspawn tentacles (Abyss:2)
  8 tentacles (Shoals:4)
  10 withered plants (D:15)
258 creatures vanquished.

Grand Total: 3180 creatures vanquished

Notes
Turn   | Place    | Note
-------+----------+-------------------------------------------
     0 | D:1      | Duffy the Naga Fighter began the quest for the Orb.
     0 | D:1      | Reached XP level 1. HP: 21/21 MP: 1/1
   412 | D:1      | Reached XP level 2. HP: 28/28 MP: 2/2
   495 | D:1      | You fall into a shaft and drop 1 floor!
  1034 | D:2      | Reached XP level 3. HP: 34/34 MP: 3/3
  1489 | D:2      | Found a shimmering altar of Xom.
  1489 | D:2      | Found a shimmering altar of Xom.
  1493 | D:2      | Found a shimmering altar of Xom.
  1498 | D:2      | Found a shimmering altar of Xom.
  1498 | D:2      | Found a shimmering altar of Xom.
  2063 | D:3      | Reached XP level 4. HP: 42/42 MP: 4/4
  2137 | D:3      | Found a glowing drain.
  2177 | Sewer    | Entered a sewer
  2188 | Sewer    | Reached XP level 5. HP: 25/49 MP: 5/5
  2466 | Sewer    | Noticed a kobold brigand
  2492 | Sewer    | Killed a kobold brigand
  2537 | Sewer    | Found a white marble altar of Elyvilon.
  3013 | D:4      | Found Livafegh's General Store.
  3056 | D:4      | Bought a scroll of fear for 45 gold pieces
  3061 | D:4      | Reached XP level 6. HP: 56/56 MP: 6/6
  3273 | D:4      | Found a staircase to the Ecumenical Temple.
  3279 | Temple   | Entered the Ecumenical Temple
  3365 | Temple   | Became a worshipper of Cheibriados the Contemplative
  3403 | D:4      | Reached skill level 5 in Axes
  3649 | D:4      | Reached XP level 7. HP: 59/62 MP: 7/7
  3849 | D:4      | Reached skill level 1 in Invocations
  3871 | D:4      | Reached skill level 5 in Shields
  3931 | D:5      | Entered Level 5 of the Dungeon
  4160 | D:5      | Noticed Blork the orc
  4178 | D:5      | Killed Blork the orc
  4178 | D:5      | Reached * piety under Cheibriados
  4386 | D:5      | Noticed a two-headed ogre
  4394 | D:5      | Noticed Eustachio
  4605 | D:6      | Reached XP level 8. HP: 69/69 MP: 10/10
  4753 | D:6      | Noticed Sigmund
  4767 | D:6      | Killed Sigmund
  4842 | D:6      | Noticed Maggie
  4853 | D:6      | Killed Maggie
  5371 | D:6      | Reached skill level 5 in Invocations
  5556 | D:6      | Found a white marble altar of Elyvilon.
  5556 | D:6      | Found a stormy altar of Qazlal.
  5556 | D:6      | Noticed Edmund
  5578 | D:6      | Killed Edmund
  5578 | D:6      | Reached ** piety under Cheibriados
  5579 | D:6      | Reached XP level 9. HP: 73/75 MP: 11/13
  6074 | D:7      | Noticed Joseph
  6098 | D:7      | Paralysed by Joseph for 4 turns
  6105 | D:7      | Paralysed by Joseph for 6 turns
  6114 | D:7      | Killed Joseph
  6312 | D:7      | Noticed Harold
  6330 | D:7      | Killed Harold
  6349 | D:7      | Reached XP level 10. HP: 58/84 MP: 14/14
  6771 | D:7      | Reached skill level 1 in Evocations
  7158 | D:7      | Got an ichor-stained spear
  7294 | D:7      | Identified the +10 spear of the Dungeon {distort, *Contam
                  | rN+ Dex+5} (You found it on level 7 of the Dungeon)
  7346 | D:8      | Reached *** piety under Cheibriados
  7708 | D:8      | Noticed a two-headed ogre
  7713 | D:8      | Killed a two-headed ogre
  8080 | D:5      | Found an ornate altar of the Wu Jian Council.
  8086 | D:5      | Noticed Pikel
  8186 | D:5      | Reached **** piety under Cheibriados
  8314 | D:4      | Killed Pikel
  8332 | D:5      | Killed Eustachio
  8333 | D:5      | Reached XP level 11. HP: 90/90 MP: 15/15
  8369 | D:5      | Noticed Dowan
  8389 | D:5      | Killed Dowan
  8421 | D:5      | Noticed Duvessa
  8469 | D:4      | Killed Duvessa
  8491 | D:5      | Banished a two-headed ogre
  8492 | D:5      | Reached skill level 10 in Axes
  8492 | D:5      | Reached skill level 5 in Dodging
  8604 | D:5      | Found an opulent altar of Gozag.
  8605 | D:5      | Found a bloodstained altar of Trog.
  9030 | D:9      | Found a staircase to the Orcish Mines.
  9030 | D:9      | Noticed an angel
  9031 | D:9      | Found a shimmering altar of Xom.
  9031 | D:9      | Found a glowing silver altar of Zin.
  9098 | D:9      | Found a sparkling altar of Nemelex Xobeh.
  9255 | D:9      | Reached ***** piety under Cheibriados
  9509 | D:9      | Reached skill level 4 in Fighting
  9990 | D:9      | Found a staircase to the Lair.
 10105 | D:10     | Entered Level 10 of the Dungeon
 10233 | D:10     | Found Vaiplace's Weapon Shoppe.
 10301 | D:10     | Noticed an unseen horror
 10312 | D:10     | Killed an unseen horror
 10397 | D:10     | Reached skill level 5 in Fighting
 10449 | D:10     | Noticed Nergalle
 10459 | D:10     | Killed Nergalle
 10557 | D:10     | Noticed a cyclops
 10568 | D:10     | Killed a cyclops
 10851 | Lair:1   | Entered Level 1 of the Lair of Beasts
 10901 | Lair:1   | Noticed a four-headed hydra
 10908 | Lair:1   | Killed a four-headed hydra
 11001 | Lair:1   | Reached XP level 12. HP: 79/104 MP: 18/18
 11123 | Lair:1   | Reached skill level 6 in Fighting
 12067 | Lair:2   | Reached skill level 7 in Fighting
 12099 | Lair:2   | Noticed a boulder beetle
 12105 | Lair:2   | Killed a boulder beetle
 12123 | Lair:2   | Found a dark tunnel.
 12136 | Volcano  | Entered a volcano
 12651 | Volcano  | Reached skill level 8 in Fighting
 13028 | Lair:2   | Reached ****** piety under Cheibriados
 13046 | Lair:2   | Noticed a six-headed hydra
 13053 | Lair:2   | Banished a six-headed hydra
 13054 | Lair:2   | Reached skill level 5 in Evocations
 13138 | Lair:2   | Noticed a four-headed hydra
 13146 | Lair:2   | Banished a four-headed hydra
 13147 | Lair:2   | Gained mutation: You can use your snake-like lower body to
                  | constrict enemies. [Naga growth]
 13147 | Lair:2   | Reached XP level 13. HP: 117/117 MP: 19/19
 14170 | Lair:3   | Found a staircase to the Shoals.
 14703 | Lair:4   | Reached skill level 5 in Armour
 14828 | Lair:4   | Reached skill level 10 in Dodging
 14919 | Lair:4   | Found a staircase to the Snake Pit.
 16370 | Lair:5   | Noticed a shambling mangrove
 16370 | Lair:5   | an oklob plant changed into a shambling mangrove
 16388 | Lair:5   | Killed a shambling mangrove
 16478 | Lair:5   | Identified the Disquisition on Ice and Unholy Secrets
 16911 | Lair:5   | You fall into a shaft and drop 1 floor!
 16911 | Lair:6   | Entered Level 6 of the Lair of Beasts
 16961 | Lair:6   | Reached skill level 10 in Invocations
 16961 | Lair:6   | Reached XP level 14. HP: 122/126 MP: 15/21
 17182 | Lair:6   | Reached skill level 9 in Fighting
 17973 | Lair:6   | Found a viscous altar of Jiyva.
 17988 | Lair:6   | Found a staircase to the Slime Pits.
 18115 | Lair:6   | Reached skill level 10 in Fighting
 18596 | Lair:6   | Got a twisted short sword
 18887 | Orc:1    | Entered Level 1 of the Orcish Mines
 19213 | Orc:2    | Entered Level 2 of the Orcish Mines
 19213 | Orc:2    | Found Noqodenu's Jewellery Shoppe.
 19253 | Orc:1    | Reached XP level 15. HP: 119/138 MP: 22/22
 19521 | Orc:1    | Reached skill level 10 in Armour
 19659 | Orc:2    | Found a staircase to the Elven Halls.
 19891 | Orc:2    | Paralysed by an ogre mage for 2 turns
 20024 | Orc:2    | Noticed Josephine
 20155 | Orc:1    | Killed Josephine
 20355 | Orc:2    | Found Helaoj's Jewellery Shop.
 20355 | Orc:2    | Found Fytuqaut's Magic Scroll Emporium.
 20356 | Orc:2    | Found Umavaxaf's Weapon Shoppe.
 20356 | Orc:2    | Found Ururph Evaa's General Store.
 20772 | Orc:2    | Bought the amulet of Gyufoki {Faith rElec Str+3 Dex+3} for
                  | 865 gold pieces
 20786 | Orc:2    | Bought a scroll of blinking for 112 gold pieces
 20786 | Orc:2    | Bought a scroll of identify for 30 gold pieces
 20786 | Orc:2    | Bought a scroll of identify for 30 gold pieces
 20786 | Orc:2    | Bought a scroll of identify for 30 gold pieces
 20786 | Orc:2    | Bought 3 scrolls of identify for 90 gold pieces
 20787 | Orc:2    | Bought a potion of heal wounds for 70 gold pieces
 20795 | Orc:2    | Bought a scroll of vulnerability for 112 gold pieces
 20795 | Orc:2    | Bought a scroll of amnesia for 52 gold pieces
 21315 | D:11     | Identified a scroll of acquirement
 21395 | D:11     | Found a runed translucent door.
 21397 | D:11     | Noticed Survivorfifteen's ghost (journeyman MiAK)
 21416 | D:11     | Killed Survivorfifteen's ghost
 22797 | D:13     | Found a gate leading to a gauntlet.
 22826 | Gauntlet | Entered a Gauntlet
 22826 | Gauntlet | Found a transporter.
 22826 | Gauntlet | Found a transporter.
 22826 | Gauntlet | Found a transporter.
 22826 | Gauntlet | Found a transporter.
 22852 | Gauntlet | Found a transporter.
 22862 | Gauntlet | Found a transporter.
 22866 | Gauntlet | Found a transporter.
 22876 | Gauntlet | Found a transporter.
 22967 | Gauntlet | Found a transporter.
 22979 | Gauntlet | Found a transporter.
 22981 | Gauntlet | Found a transporter.
 22991 | Gauntlet | Found a transporter.
 23134 | Gauntlet | Got a smouldering hat
 23145 | Gauntlet | Identified the +1 hat "Docoamaf" {rC+ Dex+4} (You found it
                  | in a Gauntlet)
 23309 | Gauntlet | Reached XP level 16. HP: 128/146 MP: 26/26
 23422 | Gauntlet | Got a bloodstained hat
 23433 | Gauntlet | Identified the +2 hat "Cefistri" {rElec Int-2 Dex+4 Slay+6}
                  | (You found it in a Gauntlet)
 23499 | Gauntlet | Identified the ring "Imabuh Efaedgh" {rF+ Will+ Int+4 SInv
                  | Stlth+}
 24433 | D:13     | Found a runed translucent door.
 25581 | D:14     | Reached skill level 11 in Fighting
 25886 | D:14     | Found a gate to the Vaults.
 26124 | D:15     | Entered Level 15 of the Dungeon
 26757 | D:15     | Found a runed translucent gate.
 26757 | D:15     | Found a runed translucent gate.
 26757 | D:15     | Found a runed translucent gate.
 26778 | D:15     | Identified Hohinim's Guide on Enthralling Poison
 26800 | D:15     | Noticed faxtax's ghost (weakling FoCK)
 27249 | D:15     | Found a staircase to the Depths.
 27282 | D:15     | Reached skill level 12 in Fighting
 27538 | D:15     | Found a sacrificial altar of Ru.
 27801 | D:15     | Killed faxtax's ghost
 27826 | D:15     | Got a heavily runed steel ring
 27880 | D:15     | Gained mutation: You occasionally shout uncontrollably at
                  | your foes. [mutagenic glow]
 28139 | Shoals:1 | Entered Level 1 of the Shoals
 28267 | Shoals:1 | Reached XP level 17. HP: 148/159 MP: 27/27
 28316 | Shoals:1 | Noticed Louise
 28336 | Shoals:1 | Killed Louise
 28642 | Shoals:1 | Identified the ring of Nodaakh {rPois rC+ rN++ Str-2 Dex+6}
                  | (You found it on level 15 of the Dungeon)
 29210 | Shoals:1 | Noticed Jorgrun
 29220 | Shoals:1 | Killed Jorgrun
 29546 | Shoals:1 | Noticed Roxanne
 30206 | Shoals:2 | Reached skill level 10 in Shields
 31542 | Shoals:3 | Found Xineptur's Armour Boutique.
 31562 | Shoals:3 | Bought a +9 plate armour of ponderousness for 630 gold
                  | pieces
 31664 | Shoals:3 | Noticed Ilsuiw
 31961 | Shoals:3 | Killed Ilsuiw
 32522 | Shoals:3 | Noticed Bai Suzhen
 32537 | Shoals:3 | Killed Bai Suzhen
 32538 | Shoals:3 | Reached XP level 18. HP: 140/168 MP: 28/28
 32962 | Snake:1  | Entered Level 1 of the Snake Pit
 32962 | Snake:1  | Found Fexutovu's Distillery.
 32982 | Snake:1  | Bought a potion of heal wounds for 75 gold pieces
 32982 | Snake:1  | Bought a potion of curing for 45 gold pieces
 34924 | Snake:2  | Noticed Saint Roka
 34947 | Snake:2  | Killed Saint Roka
 35514 | Snake:2  | Found Ytrouwec's Assorted Antiques.
 35522 | Snake:2  | Bought a scroll of identify for 52 gold pieces
 35522 | Snake:2  | Bought a scroll of identify for 52 gold pieces
 35522 | Snake:2  | Bought a scroll of identify for 52 gold pieces
 35522 | Snake:2  | Bought a crooked brass wand for 104 gold pieces
 35616 | Snake:2  | Acquired 630 gold pieces
 35821 | Orc:2    | Bought the ring of Lust {Fire +Blink +Inv Will+ Slay+2} for
                  | 780 gold pieces
 36147 | Snake:2  | Found Jitsis's Jewellery Boutique.
 36147 | Snake:2  | Found Muomumakk's Book Emporium.
 36148 | Snake:2  | Found Leser's Book Emporium.
 36569 | Snake:3  | Identified the +7 longbow "Cuilidd" {vorpal, MP+9}
 36765 | Snake:3  | Noticed Aizul
 36774 | Snake:3  | Killed Aizul
 36959 | Snake:3  | Reached XP level 19. HP: 175/175 MP: 29/29
 37001 | Snake:3  | Noticed Vashnia
 37028 | Snake:3  | Killed Vashnia
 37533 | Snake:4  | Entered Level 4 of the Snake Pit
 37583 | Snake:4  | Found Ceeshrez's Weapon Shoppe.
 38137 | Snake:4  | Reached skill level 15 in Axes
 38622 | Snake:4  | Reached skill level 10 in Evocations
 38907 | Snake:4  | Got a serpentine rune of Zot
 39221 | Shoals:4 | Entered Level 4 of the Shoals
 39435 | Shoals:4 | Reached XP level 20. HP: 183/183 MP: 30/30
 39594 | Shoals:4 | Got an iridescent great mace
 39657 | Shoals:4 | Got a coiled pewter amulet
 39659 | Shoals:4 | Identified the amulet of Qunugh {RegenMP MP+9 Int+7 Dex-2}
                  | (You found it on level 4 of the Shoals)
 40122 | Shoals:4 | Got a barnacled rune of Zot
 40473 | Elf:1    | Entered Level 1 of the Elven Halls
 40523 | Elf:1    | Found Plog's Antique Weapon Emporium.
 40523 | Elf:1    | Found Icyrhiul's Weapon Shoppe.
 40773 | Elf:1    | Reached skill level 15 in Shields
 40950 | Elf:1    | Found Cihin's Armour Shop.
 41475 | Elf:2    | Found a frozen archway.
 41491 | IceCv    | Entered an ice cave
 41921 | IceCv    | Got an ancient rapier
 42097 | Elf:2    | Identified Sif Muna's Incunabulum of Axaxaxas mlö
 42104 | Elf:2    | Identified the Incunabulum of Dhcmrlchtdj
 42129 | Elf:2    | Identified the Tome of Combed Thunderclap
 42254 | Elf:2    | Found a runed translucent gate.
 42254 | Elf:2    | Found a runed translucent gate.
 42256 | Elf:2    | Found a runed translucent gate.
 42636 | Elf:2    | Reached skill level 13 in Fighting
 42800 | Elf:3    | Entered Level 3 of the Elven Halls
 42978 | Elf:3    | Reached XP level 21. HP: 185/188 MP: 31/31
 43024 | Elf:3    | Acquired 1341 gold pieces
 43835 | Elf:2    | Reached skill level 14 in Fighting
 44067 | Elf:3    | Identified the +11 great sword of Mourning {freeze, +Blink
                  | rN+ MP-9}
 44472 | Elf:3    | Identified the +8 great sword of Oseskace {antimagic, +Rage
                  | rF+ rN+}
 44834 | Elf:3    | Got an iridescent hunting sling
 44963 | Elf:1    | Bought a glowing war axe for 201 gold pieces
 45015 | Orc:2    | Bought a wand of iceblast (7) for 154 gold pieces
 45015 | Orc:2    | Bought a scroll of fog for 28 gold pieces
 45016 | Orc:2    | Bought a scroll of teleportation for 45 gold pieces
 45016 | Orc:2    | Bought a scroll of fog for 30 gold pieces
 45016 | Orc:2    | Bought a scroll of teleportation for 45 gold pieces
 45016 | Orc:2    | Bought a scroll of teleportation for 45 gold pieces
 45016 | Orc:2    | Bought a scroll of teleportation for 45 gold pieces
 45186 | Vaults:1 | Entered Level 1 of the Vaults
 45483 | Vaults:1 | Reached skill level 15 in Fighting
 46008 | Vaults:1 | Reached XP level 22. HP: 194/210 MP: 32/32
 46231 | Vaults:1 | Reached skill level 15 in Armour
 47189 | Vaults:2 | Reached skill level 15 in Invocations
 47766 | Vaults:2 | Paralysed by a great orb of eyes for 6 turns
 48781 | Vaults:3 | Noticed Donald
 48797 | Vaults:3 | Killed Donald
 49346 | Vaults:3 | Found a staircase to the Crypt.
 49346 | Vaults:3 | Found an ancient bone altar of Kikubaaqudgha.
 49346 | Vaults:3 | Found a basalt altar of Yredelemnul.
 49359 | Crypt:1  | Entered Level 1 of the Crypt
 49404 | Crypt:1  | Reached XP level 23. HP: 204/217 MP: 35/35
 49407 | Crypt:1  | Found a magical portal.
 49421 | WizLab   | Entered Iskenderun's Mystic Tower
 50610 | WizLab   | Identified Iskenderun's Catalogue of Conjuration
 50610 | WizLab   | Identified Iskenderun's Almanac of Battle Magic
 50619 | WizLab   | Learned a level 4 spell: Animate Armour
 50978 | Crypt:1  | Reached skill level 1 in Throwing
 51048 | Crypt:1  | Reached skill level 1 in Spellcasting
 51335 | Crypt:2  | Noticed Frederick
 51348 | Crypt:2  | Killed Frederick
 51725 | Crypt:2  | Reached skill level 5 in Throwing
 51812 | Crypt:2  | Got a smoking kite shield
 51814 | Crypt:2  | Identified the +0 kite shield of Miysy {Rampage} (You found
                  | it on level 2 of the Crypt)
 52427 | Crypt:3  | Entered Level 3 of the Crypt
 52435 | Crypt:3  | Reached skill level 15 in Dodging
 52707 | Crypt:3  | Found an ancient bone altar of Kikubaaqudgha.
 52710 | Crypt:3  | Reached skill level 1 in Summonings
 52711 | Crypt:3  | Reached skill level 1 in Earth Magic
 52751 | Crypt:3  | Reached skill level 5 in Spellcasting
 52964 | Crypt:3  | Got an iridescent bardiche
 52966 | Crypt:3  | Identified the +8 bardiche of Unesmero {elec, rC+} (You
                  | found it on level 3 of the Crypt)
 53006 | Crypt:3  | Found a staircase to the Tomb.
 53013 | Crypt:3  | Reached XP level 24. HP: 54/225 MP: 35/35
 55056 | Vaults:3 | Reached skill level 5 in Summonings
 55056 | Vaults:3 | Reached skill level 5 in Earth Magic
 55442 | Vaults:4 | Learned a level 2 spell: Blink
 55464 | Vaults:4 | Noticed Mennas
 55478 | Vaults:4 | Killed Mennas
 55479 | Vaults:4 | Reached skill level 10 in Throwing
 55727 | Vaults:4 | Found a huge runed gate.
 55727 | Vaults:4 | Found a huge runed gate.
 55727 | Vaults:4 | Found a huge runed gate.
 55727 | Vaults:4 | Found a huge runed gate.
 55727 | Vaults:4 | Found a huge runed gate.
 55727 | Vaults:4 | Found a huge runed gate.
 55728 | Vaults:4 | Found a huge runed gate.
 55728 | Vaults:4 | Found a huge runed gate.
 55728 | Vaults:4 | Found a huge runed gate.
 55728 | Vaults:4 | Found a huge runed gate.
 55728 | Vaults:4 | Found a huge runed gate.
 55729 | Vaults:4 | Found a huge runed gate.
 55730 | Vaults:4 | Found a huge runed gate.
 55732 | Vaults:4 | Found a huge runed gate.
 55733 | Vaults:4 | Found a huge runed gate.
 55734 | Vaults:4 | Found a huge runed gate.
 55745 | Vaults:4 | Found a huge runed gate.
 55745 | Vaults:4 | Found a huge runed gate.
 55745 | Vaults:4 | Found a huge runed gate.
 55745 | Vaults:4 | Found a huge runed gate.
 55745 | Vaults:4 | Found a huge runed gate.
 55745 | Vaults:4 | Found a huge runed gate.
 55746 | Vaults:4 | Found a huge runed gate.
 55747 | Vaults:4 | Found a huge runed gate.
 55748 | Vaults:4 | Found a huge runed gate.
 55759 | Vaults:4 | Found a huge runed gate.
 55759 | Vaults:4 | Found a huge runed gate.
 55759 | Vaults:4 | Found a huge runed gate.
 55759 | Vaults:4 | Found a huge runed gate.
 55759 | Vaults:4 | Found a huge runed gate.
 55759 | Vaults:4 | Found a huge runed gate.
 55760 | Vaults:4 | Found a huge runed gate.
 55761 | Vaults:4 | Found a huge runed gate.
 55872 | Vaults:4 | Found the +3 robe of Folly {Archmagi, Will-- Int+5}
 55903 | Vaults:4 | Found a huge runed gate.
 55903 | Vaults:4 | Found a huge runed gate.
 55924 | Vaults:4 | Found Fudoh's Antique Weapon Emporium.
 56210 | Vaults:4 | Found Hutweo Cyuhu's Antique Armour Shoppe.
 56561 | Vaults:4 | Found Zered's Magic Scroll Shoppe.
 56567 | Vaults:4 | Found Ageici's Weapon Boutique.
 56582 | Vaults:4 | Bought a scroll of enchant weapon for 97 gold pieces
 57233 | Vaults:5 | Entered Level 5 of the Vaults
 57241 | Vaults:4 | Reached skill level 1 in Translocations
 57434 | Vaults:4 | Reached XP level 25. HP: 217/232 MP: 33/36
 57552 | Vaults:4 | Reached skill level 10 in Spellcasting
 57609 | Vaults:4 | Reached skill level 5 in Translocations
 57660 | Vaults:5 | Noticed a dread lich
 57672 | Vaults:5 | Identified the +5 hand crossbow of Conversion {venom, rElec
                  | SInv}
 57672 | Vaults:5 | Identified the ring of New Discoveries {Str+6 Int+2 Slay+4}
 57676 | Vaults:5 | Killed a dread lich
 57678 | Vaults:5 | Noticed a dread lich
 57943 | Vaults:5 | Noticed an ancient lich
 57950 | Vaults:5 | Killed a dread lich
 57954 | Vaults:5 | Killed an ancient lich
 58277 | Vaults:5 | Found Joha's Jewellery Shoppe.
 58374 | Vaults:5 | Identified the +6 spear "Neivukha" {flame, Int+7}
 58376 | Vaults:5 | Cast into level 2 of the Abyss (a deep elf demonologist)
 58376 | Abyss:2  | Found a corrupted altar of Lugonu.
 58684 | Abyss:2  | Gained mutation: Your body sometimes deteriorates upon
                  | taking damage. [a neqoxec]
 58685 | Abyss:2  | Gained mutation: Your body often deteriorates upon taking
                  | damage. [a neqoxec]
 58784 | Abyss:2  | Reached XP level 26. HP: 194/241 MP: 37/37
 58827 | Vaults:5 | Escaped the Abyss
 58837 | Vaults:5 | Identified the ring of Descent {Slay+5 SInv}
 58839 | Vaults:5 | Reached skill level 15 in Throwing
 59518 | Vaults:5 | Got a silver rune of Zot
 59644 | Vaults:5 | Identified the +0 chain mail of Incorporation {rElec rN+
                  | Dex+2} (You found it on level 5 of the Vaults)
 59662 | Vaults:5 | Reached skill level 1 in Air Magic
 59705 | Vaults:5 | Learned a level 4 spell: Summon Lightning Spire
 59712 | Vaults:5 | Learned a level 5 spell: Silence
 59764 | Vaults:5 | Reached skill level 1 in Hexes
 60461 | Depths:1 | Entered Level 1 of the Depths
 60494 | Depths:1 | Found Miptef's General Store.
 60498 | Depths:1 | Bought a scroll of enchant weapon for 97 gold pieces
 60498 | Depths:1 | Bought 5 silver javelins for 156 gold pieces
 60704 | Depths:1 | Reached skill level 5 in Air Magic
 60757 | Depths:1 | Noticed a juggernaut
 60915 | Depths:1 | Reached skill level 5 in Hexes
 61126 | Depths:1 | Found a gateway to Hell.
 61405 | Depths:1 | Found a one-way gate leading to the halls of Pandemonium.
 61525 | Depths:1 | Found a transporter.
 61545 | Depths:1 | Found a transporter.
 61545 | Depths:1 | Found a runed translucent door.
 61545 | Depths:1 | Found a bloodstained altar of Trog.
 61546 | Depths:1 | Found the necklace of Bloodlust {*Rage +Rage Will++ Int-3
                  | Slay+6}
 61564 | Depths:1 | Killed a juggernaut
 61771 | Depths:1 | Reached XP level 27. HP: 202/248 MP: 37/37
 61902 | Depths:1 | Identified the +6 chain mail "Kokot" {rF+ rN+ Dex-4} (You
                  | found it on level 1 of the Depths)
 62164 | Depths:2 | Reached skill level 10 in Hexes
 62164 | Depths:2 | Reached skill level 10 in Air Magic
 62224 | Depths:1 | Learned a level 1 spell: Apportation
 62538 | Depths:2 | Found Vune Gah's Book Emporium.
 62576 | Depths:2 | Learned a level 3 spell: Lesser Beckoning
 62581 | Depths:2 | Learned a level 4 spell: Passage of Golubria
 64143 | Depths:3 | Identified the +10 scythe "Yddeg" {speed, rElec MP-9 Dex-3
                  | SInv}
 64164 | Depths:3 | Reached skill level 16 in Fighting
 64207 | Depths:3 | Identified the +4 lajatang "Afronu" {antimagic, rF+ Stlth+}
 64269 | Depths:3 | Noticed Nikola
 64285 | Depths:3 | Killed Nikola
 64440 | Depths:3 | Reached skill level 17 in Fighting
 64701 | Depths:3 | Found a one-way gate to the infinite horrors of the Abyss.
 64833 | Depths:3 | Got a serpentine ivory ring
 64834 | Depths:3 | Identified the ring "Fisham" {+Inv rN+ Str+6 SInv} (You
                  | found it on level 3 of the Depths)
 64838 | Depths:3 | Got an ancient war axe
 64840 | Depths:3 | Identified the +9 war axe of Charity {flame, rF+} (You
                  | found it on level 3 of the Depths)
 65077 | Depths:4 | Found a gateway to a ziggurat.
 65104 | Depths:4 | You fall into a shaft and drop 1 floor!
 65104 | Depths:5 | Entered Level 5 of the Depths
 65118 | Depths:5 | Reached skill level 18 in Fighting
 65505 | Depths:4 | Found a corrupted altar of Lugonu.
 65578 | Depths:4 | Reached skill level 19 in Fighting
 65588 | Depths:4 | Identified the +9 hand axe of Compulsion {speed, *Contam
                  | rElec rN+ Str+3}
 65667 | Depths:4 | Identified the Catalogue of Cloudy Calling
 65752 | Depths:4 | Got a glimmering ring mail
 66289 | Depths:5 | Reached skill level 20 in Fighting
 66305 | Depths:4 | Learned a level 8 spell: Borgnjor's Revivification
 66314 | Depths:4 | Learned a level 8 spell: Infestation
 66323 | Depths:4 | Learned a level 8 spell: Necromutation
 66346 | Depths:5 | Reached skill level 1 in Necromancy
 66362 | Depths:5 | Reached skill level 1 in Transmutations
 66779 | Depths:5 | Found a gate to the Realm of Zot.
 66990 | Depths:5 | Reached skill level 5 in Necromancy
 67170 | Depths:5 | Learned a level 3 spell: Portal Projectile
 67504 | Slime:1  | Entered Level 1 of the Pits of Slime
 68024 | Slime:3  | Reached skill level 5 in Transmutations
 68189 | Slime:5  | Entered Level 5 of the Pits of Slime
 68366 | Slime:5  | Found a viscous altar of Jiyva.
 68367 | Slime:5  | Noticed the Royal Jelly
 68383 | Slime:5  | Killed the Royal Jelly
 68539 | Slime:5  | Got a crude crystal plate armour
 68540 | Slime:5  | Identified the +3 crystal plate armour of Niost {Will-
                  | Str+4 Stlth+} (You found it on level 5 of the Pits of
                  | Slime)
 68544 | Slime:5  | Got a slimy rune of Zot
 68546 | Slime:5  | Got a scorched glass ring
 68547 | Slime:5  | Identified the ring "Huptes" {rPois rC+ Int+2} (You found
                  | it on level 5 of the Pits of Slime)
 68568 | Slime:5  | Identified the Almanac of Ice and the Mountains
 69166 | Snake:1  | Bought a potion of mutation for 120 gold pieces
 69166 | Snake:1  | Bought a potion of brilliance for 60 gold pieces
 69166 | Snake:1  | Bought a potion of flight for 45 gold pieces
 69166 | Snake:1  | Bought a potion of flight for 45 gold pieces
 69166 | Snake:1  | Bought a potion of attraction for 45 gold pieces
 69166 | Snake:1  | Bought a potion of flight for 45 gold pieces
 69166 | Snake:1  | Bought a potion of flight for 45 gold pieces
 69482 | Shoals:1 | Killed Roxanne
 69702 | D:4      | Bought a potion of magic for 104 gold pieces
 69702 | D:4      | Bought a potion of curing for 39 gold pieces
 69845 | Orc:2    | Bought the ring "Polakkit" {rF+ rCorr Int+3 Stlth-} for 466
                  | gold pieces
 70025 | Depths:1 | Bought a scroll of identify for 26 gold pieces
 70118 | Zot:1    | Entered Level 1 of the Realm of Zot
 70174 | Zot:1    | Reached skill level 10 in Necromancy
 71755 | Zot:2    | Identified the +8 plate armour "Fiak" {Regen+ Int+7 Dex-5}
                  | (You found it on level 2 of the Realm of Zot)
 71846 | Zot:2    | Learned a level 5 spell: Borgnjor's Vile Clutch
 72253 | Zot:2    | Reached skill level 15 in Spellcasting
 72692 | Zot:2    | You fall into a shaft and drop 2 floors!
 73118 | Zot:2    | Reached skill level 10 in Transmutations
 75636 | Zot:5    | Entered Level 5 of the Realm of Zot
 75661 | Zot:5    | Noticed a dread lich
 75661 | Zot:5    | Noticed a dread lich
 75661 | Zot:5    | Noticed an ancient lich
 75661 | Zot:5    | Noticed a dread lich
 75663 | Zot:5    | Paralysed by a Zot trap for 5 turns
 75664 | Zot:5    | Noticed an orb of fire
 75667 | Zot:5    | Noticed an orb of fire
 75667 | Zot:5    | Noticed an ancient lich
 75667 | Zot:5    | Noticed an orb of fire
 75668 | Zot:5    | Noticed an orb of fire
 75670 | Zot:5    | Gained mutation: You are dopey. (Int -2) [an orb of fire]
 75670 | Zot:5    | HP: 12/268 [orb of fire/fireball (39)]
 75670 | Zot:5    | Killed from afar by an orb of fire

Illustrated notes

Levels and vault maps discovered:
D:1:      mrwooster_arrival_statue_2, layout_basic
D:2:      wander_river, layout_loops_cross, serial_bayou_pond_c, xom_redecorated
D:3:      layout_basic, portal_sewer_entry_c
D:4:      layout_loops_ring, minmay_temple_entry_ruins, serial_shops,
          nicolae_shop_stone
D:5:      layout_cave_pools, gammafunk_temple_overflow_pools,
          nicolae_overflow_hidden_temple, kennysheep_generic_room_5,
          uniq_eustachio, uniq_pikel, uniq_duvessa, uniq_blork_the_orc
D:6:      layout_rooms, amethyst_overflow_temple_binary, roderic_roman_lattice,
          lemuel_another_geyser, uniq_maggie, uniq_edmund, uniq_sigmund
D:7:      cheibrodos_steamvent, layout_rooms, kennysheep_generic_room_15,
          uniq_harold, uniq_joseph
D:8:      layout_rooms, hangedman_minor_gate_pass
D:9:      layout_long_grid, grunt_temple_overflow_order_and_chaos_1,
          lemuel_doored_altar, erik_lair_dragon
D:10:     layout_roguey, serial_shops, shop_statue, solitary_fountain,
          minmay_sticks_and_stones, uniq_nergalle
D:11:     layout_roguey [special_room_kobold], hellmonk_ghost_happy_afterlife,
          chequers_avenue
D:12:     layout_gridville
D:13:     minmay_outward_triangles, layout_irregular_city,
          gauntlet_entry_generic, minmay_hidden_floor
D:14:     layout_basic, david_vaults_4, patterned_corridor,
          minmay_misc_feat_diagonals
D:15:     gammafunk_depths_entry_grave, layout_grid_maze,
          maelrawn_ghost_gauntlet_escape, nicolae_ru_the_path_less_chosen
Temple:   zaba_magenta_temple
Lair:1:   layout_cave_pods, st_stairs_8, minivault_23,
          chequers_serial_rivers_room_a, serial_bayou_shore_b,
          lemuel_fruit_fields, infiniplex_staircase_pool
Lair:2:   layout_roguey, enter_volcano_3, lemuel_fruit_tree,
          serial_bayou_shore_a
Lair:3:   layout_loops_ring, elwin_shoals_entry_rocks,
          minmay_stone_trees_medium, chequers_serial_rivers_large_a
Lair:4:   layout_roguey, minmay_snake_entry_guardpost_small
Lair:5:   dragon1_lemuel, layout_cave_pods, minmay_lair_oklob_chamber
Lair:6:   minmay_lair_end_frog_pond, layout_loops_ring, slime_altar_1
Shoals:1: layout_shoals, uniq_jorgrun, uniq_louise, uniq_roxanne
Shoals:2: layout_shoals, nzn_prometheus_bound
Shoals:3: layout_shoals, serial_shops, shop, uniq_bai_suzhen, uniq_ilsuiw
Shoals:4: shoals_end_simple, layout_shoals
Snake:1:  layout_layer_cave, serial_shops, shop, st_stairs_9
Snake:2:  layout_onion_interference, serial_shops, shop, st_stairs_3,
          grunt_megastairs_2, minmay_shop_grove, uniq_saint_roka
Snake:3:  layout_rooms, drop_trap, st_stairs_5, serial_bayou_pond_b,
          uniq_vashnia, uniq_aizul
Snake:4:  johnstein_snake_rune_scales, layout_gridlike, serial_shops,
          nicolae_shop_behind_doors
Slime:1:  layout_caves
Slime:2:  layout_caves
Slime:3:  layout_caves
Slime:4:  layout_caves
Slime:5
Orc:1:    layout_caves
Orc:2:    st_orc_ogre_mass, layout_caves, serial_shops, shop_coins,
          uniq_josephine
Elf:1:    layout_geoelf_diagonals, serial_shops, shop,
          minmay_elf_crystal_heptagon, item_on_display_a, minmay_shoptagon
Elf:2:    layout_geoelf_grid, portal_ice_cave_entry_pillars_2,
          bh_hangedman_babel_library
Elf:3:    elf_hall, layout_loops_cross
Vaults:1: hangedman_vaults_river_flow, hangedman_vaults_pinch,
          vaults_room_grunt_arrival_ludios, v_misc_16, st_lines,
          v_alt_pattern_6, v_pattern_1, vaults_room_semicircle,
          layout_vaults_omnigrid
Vaults:2: nicolae_vaults_bisected_slash, ontoclasm_vaults_decontamination,
          v_alt_pattern_3, v_misc_23, v_misc_24, vaults_dpeg_spiral,
          vaults_mumra_minichess, vaults_standard_mumra_lines,
          ontoclasm_vaults_spin, v_misc_26, vaults_room_grid,
          layout_vaults_big_cross
Vaults:3: hangedman_vaults_stream, v_misc_11, v_misc_15,
          hangedman_vaults_corner, nicolae_vaults_angled_halls,
          vaults_mumra_minichess_inversion, v_misc_27, ontoclasm_vaults_eye,
          minmay_crypt_entry_necro_gods, layout_vaults_ring, uniq_donald
Vaults:4: nicolae_vaults_circle_grid_a, nicolae_vaults_sealed_display,
          vaults_room_fancy_cross, v_rooms_1, vaults_not_door_vault_mu,
          st_hourglassy, v_misc_3, ontoclasm_vaults_misaligned,
          ontoclasm_vaults_misaligned, hangedman_vaults_trim,
          ontoclasm_vaults_tryst, nicolae_vaults_ring_of_whatevers,
          ontoclasm_vaults_twist, nicolae_vaults_back_hallway,
          layout_vaults_maze, serial_shops,
          nicolae_shop_temple_entry_statues_fountains,
          nicolae_shop_behind_doors, shop_fountains, nicolae_shop_crystal,
          uniq_margery, uniq_mennas
Vaults:5
Crypt:1:  layout_basic, mu_enter_wizlab_6, grunt_crypt_arrival_guarded_gate
Crypt:2:  layout_misc_corridors, roderic_lattice_octagonal_star, uniq_frederick
Crypt:3:  grunt_crypt_end_deaths_head
Depths:1: emtedronai_trogs_sanctum, layout_honeycomb, serial_shops,
          nicolae_shop_behind_doors, grunt_pan_entry_sceptre, hell_entry,
          kennysheep_generic_room_14, serial_bayou_shore_b
Depths:2: grunt_house_of_mirrors, layout_cave_shapes, hellmouth_1, serial_shops,
          shop, grunt_pan_entry_zigzag
Depths:3: minmay_the_grid_octo_tiled_squarecenter
          [minmay_the_grid_octo_thin_diamonds, minmay_the_grid_octo_clover_2,
          minmay_the_grid_octo_toaster, minmay_the_grid_octo_teeth,
          minmay_the_grid_square_5x5_megaprize_crossed,
          minmay_the_grid_square_5x5_mess, minmay_the_grid_square_5x5_inner_i,
          minmay_the_grid_square_5x5_bite,
          minmay_the_grid_square_5x5_two_walls_a], layout_cave_pools,
          chequers_serial_rivers_micro_d, hell_entry, rand_demon_pan_entry_3,
          abyss_entry, uniq_nikola
Depths:4: grunt_arcs, layout_small_grid, enter_ziggurat_b,
          abyss_entry_flame_altar, hell_entry, serial_bayou_shore_b,
          minmay_staircase_bubble
Depths:5: evilmike_zot_entry_basic, layout_long_grid, hangedman_coc_ice_floe,
          nicolae_abyss_entry_one_way_or_another, serial_sigils_hangedman_carve,
          rand_demon_pan_entry_4
Zot:1:    lemuel_halls_of_wrath, layout_misc_corridors
Zot:2:    hangedman_orp_of_zott, layout_gridlike
Zot:3:    layout_cathedral_of_symmetry, grunt_megastairs_5
Zot:4:    layout_gridlike
Zot:5:    layout_misc_corridors, ebering_ghost_inner_flame

Skill      XL: |  1  2  3  4  5  6  7  8  9 10 11 12 13 14 15 16 17 18 19 20 21 22 23 24 25 26 27 |
---------------+----------------------------------------------------------------------------------+-----
Shields        | 3 4 5 6 7 8 9 11 12 13 15 | 15.0
Axes           | 3 4 5 6 7 8 9 10 12 14 15 16 17 18 | 18.0
Invocations    | 3 5 6 8 9 10 13 14 16 | 16.0
Dodging        | 2 4 6 9 10 11 12 13 15 | 15.0
Evocations     | 3 5 6 10 | 10.0
Fighting       | 5 8 10 12 13 15 20 | 20.0
Armour         | 3 8 9 10 12 14 15 | 15.0
Throwing       | 8 13 14 16 | 16.0
Spellcasting   | 5 9 10 16 | 16.3
Summonings     | 3 5 8 |  8.0
Earth Magic    | 3 5 8 |  8.0
Translocations | 3 6 8 |  8.0
Air Magic      | 8 10 | 10.0
Hexes          | 8 10 | 10.0
Necromancy     | 14 | 14.3
Transmutations | 12 | 12.1

Action                   |  1- 3 |  4- 6 |  7- 9 | 10-12 | 13-15 | 16-18 | 19-21 | 22-24 | 25-27 || total
-------------------------+-------+-------+-------+-------+-------+-------+-------+-------+-------++-------
Melee: War axe           |   122 |   151 |   249 |    68 |       |   601 |  1041 |   559 |       ||  2791
       Spear             |       |       |       |   477 |   919 |   390 |       |       |       ||  1786
       Constrict         |       |       |       |       |   228 |   231 |   272 |   222 |   370 ||  1323
       Broad axe         |       |       |       |       |       |       |       |   651 |  2231 ||  2882
Throw: Throwing net      |       |       |       |       |     1 |       |       |       |     3 ||     4
       Javelin           |       |       |       |       |       |       |       |       |    29 ||    29
 Cast: Animate Armour    |       |       |       |       |       |       |       |     3 |    74 ||    77
       Borgnjor's Vile C |       |       |       |       |       |       |       |       |    28 ||    28
       Summon Lightning  |       |       |       |       |       |       |       |       |    23 ||    23
       Apportation       |       |       |       |       |       |       |       |       |     6 ||     6
       Lesser Beckoning  |       |       |       |       |       |       |       |       |     6 ||     6
       Blink             |       |       |       |       |       |       |       |       |     1 ||     1
Invok: Slouch            |       |       |       |     1 |     4 |       |     1 |       |     3 ||     9
       Temporal Distorti |       |       |       |       |       |     4 |     6 |     2 |     8 ||    20
       Bend Time         |       |       |       |       |       |     3 |       |       |       ||     3
 Abil: Spit Poison       |     1 |    13 |    26 |     4 |       |       |       |       |       ||    44
       Evoke Invisibilit |       |       |       |       |       |       |     3 |       |       ||     3
Evoke: Wand              |       |       |       |    15 |    24 |    19 |     7 |     1 |     4 ||    70
       Tin of tremorston |       |       |       |       |       |     2 |     5 |       |     2 ||     9
       Phial of floods   |       |       |       |       |       |     1 |       |       |       ||     1
       Lightning rod     |       |       |       |       |       |       |     3 |       |       ||     3
       Condenser vane    |       |       |       |       |       |       |       |       |     1 ||     1
  Use: Scroll            |     5 |     2 |     3 |     7 |    13 |    14 |    15 |    12 |    17 ||    88
       Potion            |       |       |     5 |       |       |     5 |       |     1 |     6 ||    17
 Stab: Sleeping          |       |       |     1 |    13 |     6 |     6 |       |       |       ||    26
       Paralysed         |       |       |       |     6 |       |       |       |       |       ||     6
       Distracted        |       |       |       |       |     9 |       |       |     3 |    15 ||    27
       Held in net/web   |       |       |       |       |     1 |       |       |       |     5 ||     6
       Invisible         |       |       |       |       |       |     2 |    23 |       |       ||    25
       Confused          |       |       |       |       |       |       |     1 |       |     1 ||     2
Armor: Scale mail        |    55 |    57 |    28 |       |       |       |       |       |       ||   140
       Skin              |       |       |    63 |     3 |       |       |       |       |       ||    66
       Steam dragon scal |       |       |    21 |    47 |       |       |       |       |       ||    68
       Fire dragon scale |       |       |       |     6 |       |       |       |       |       ||     6
       Ring mail         |       |       |       |       |   127 |    75 |       |       |       ||   202
       Chain mail        |       |       |       |       |       |    85 |       |       |       ||    85
       Plate armour      |       |       |       |       |       |   131 |   233 |   195 |   491 ||  1050
Dodge: Dodged            |    37 |    80 |    81 |   270 |   697 |   733 |   443 |   490 |  1162 ||  3993
Block: Kite shield       |    74 |    86 |   164 |   319 |   654 |   267 |       |       |       ||  1564
       Tower shield      |       |       |       |       |       |   984 |  1435 |  1517 |  3179 ||  7115

Table legend: (Time is in decaauts)
 A = Elapsed time spent in this place.
 B = Non-inter-level travel time spent in this place.
 C = Inter-level travel time spent in this place.
 D = Time resting spent in this place.
 E = Time spent auto-exploring this place.
 F = Levels seen in this place.
 G = Mean time per level.
                   A        B        C        D        E       F      G
               +--------+--------+--------+--------+--------+-----+--------+
         Total | 150398 | 131224 |  19174 |   3217 |  99351 |  64 | 2350.0 |
       Dungeon |  34876 |  27375 |   7501 |    575 |  21044 |  15 | 2325.1 |
        Temple |    141 |     78 |     63 |      0 |     76 |   1 |  141.0 |
          Lair |  16915 |  14722 |   2193 |    496 |  12090 |   6 | 2819.2 |
        Shoals |  10883 |   9621 |   1262 |    145 |   7016 |   4 | 2720.8 |
     Snake Pit |  11478 |  10713 |    765 |    252 |   8417 |   4 | 2869.5 |
    Slime Pits |   2365 |   2137 |    228 |    480 |   1096 |   5 |  473.0 |
  Orcish Mines |   4552 |   3533 |   1019 |     19 |   2625 |   2 | 2276.0 |
   Elven Halls |   8452 |   7925 |    527 |    243 |   5788 |   3 | 2817.3 |
        Vaults |  21127 |  17898 |   3229 |    180 |  13961 |   5 | 4225.4 |
         Crypt |   6818 |   6265 |    553 |      0 |   5029 |   3 | 2272.7 |
        Depths |  14306 |  13182 |   1124 |     20 |   9986 |   5 | 2861.2 |
           Zot |  11329 |  10625 |    704 |     13 |   8789 |   5 | 2265.8 |
         Abyss |    843 |    843 |      0 |      0 |    595 |   1 |  843.0 |
         Sewer |    546 |    546 |      0 |     11 |    373 |   1 |  546.0 |
      Ice Cave |    738 |    738 |      0 |    221 |     30 |   1 |  738.0 |
       Volcano |   1291 |   1291 |      0 |    197 |    613 |   1 | 1291.0 |
        Wizlab |   2180 |   2180 |      0 |    310 |   1036 |   1 | 2180.0 |
      Gauntlet |   1549 |   1549 |      0 |     49 |    779 |   1 | 1549.0 |
               +--------+--------+--------+--------+--------+-----+--------+

Top non-repeatable levels by time:
Vaults:4: 5107 daAuts
     D:9: 5004 daAuts
    D:14: 4885 daAuts
Vaults:2: 4139 daAuts
Vaults:5: 4028 daAuts
Vaults:1: 4000 daAuts
Vaults:3: 3851 daAuts
 Snake:1: 3787 daAuts
  Lair:5: 3776 daAuts
Depths:1: 3584 daAuts
Depths:2: 3511 daAuts
Shoals:1: 3208 daAuts
   Zot:3: 3203 daAuts
   Zot:2: 3192 daAuts
   Elf:2: 3106 daAuts
